Map: Invader LE

Players

LiquidTLO (TLO) - Winner!

  • Race: Zerg Zerg
  • League: Grandmaster

uthermy (uThermal)

  • Race: Terran Terran
  • League: Grandmaster

VOD

Have the link to the VOD?

Description

Time

  • Played on: July 2, 2016, 12:36 p.m.
  • Length: 7:19
Show
View Real Time Build Order
Export as new Build Order

LiquidTLO Zerg - Winner!

Build Orders: Hatch First 

Get SALT Encoding   

  12  0:01  Drone  
  13  0:13  Overlord  
  13  0:18  Drone  
  14  0:32  Drone x2  
  16  0:38  Drone  
  17  0:52  Hatchery  
  17  0:55  Drone  
  17  0:58  Drone  
  17  1:01  Extractor  
  17  1:14  Spawning Pool  
  17  1:18  Drone  
  17  1:21  Drone  
  18  1:29  Drone  
  19  1:40  Overlord  
  19  2:00  Queen  
  19  2:01  Metabolic Boost  
  21  2:02  Zergling x4  
  21  2:05  Queen  
  25  2:09  Drone  
  25  2:14  Drone  
  27  2:16  Drone  
  28  2:23  Drone  
  30  2:30  Drone  
  30  2:36  Queen  
  31  2:39  Overlord  
  31  2:41  Drone  
  32  2:53  Hatchery  
  32  2:55  Drone  
  32  2:56  Drone  
  33  3:02  Drone x2  
  35  3:07  Drone  
  35  3:09  Overlord, Drone  
  37  3:16  Drone  
  37  3:18  Drone  
  39  3:22  Drone  
  39  3:26  Zergling x2  
  41  3:27  Zergling x2  
  41  3:33  Overlord  
  42  3:34  Overlord, Drone  
  43  3:43  Overlord  
  43  3:49  Overlord  
  43  3:51  Queen x2  
  43  3:54  Drone x2, Spore Crawler  
  48  3:57  Drone  
  48  3:59  Zergling x2  
  50  4:03  Drone  
  50  4:04  Baneling Nest  
  50  4:09  Zergling x4  
  52  4:17  Spore Crawler  
  52  4:18  Drone  
  52  4:21  Zergling x4  
  52  4:22  Zergling x2  
  55  4:24  Zergling x2  
  55  4:25  Drone  
  55  4:26  Drone  
  55  4:27  Drone  
  55  4:28  Drone  
  60  4:33  Drone  
  60  4:35  Overlord  
  60  4:36  Zergling x2  
  60  4:37  Zergling x2  
  60  4:38  Zergling x2  
  64  4:42  Evolution Chamber  
  61  4:47  Zergling x2  
  61  4:48  Drone  
  61  4:50  Zergling x4  
  61  4:51  Drone  
  66  4:55  Drone  
  66  4:56  Evolution Chamber  
  66  5:00  Zergling x2  
  66  5:03  Drone x2  
  66  5:04  Drone  
  66  5:06  Drone  
  71  5:07  Overlord  
  71  5:08  Drone  
  71  5:09  Drone  
  71  5:10  Zerg Melee Weapons Level 1  
  71  5:11  Drone x2  
  75  5:15  Spine Crawler  
  74  5:21  Drone  
  74  5:22  Lair  
  74  5:26  Extractor, Drone  
  74  5:27  Extractor, Drone  
  74  5:28  Drone  
  76  5:32  Drone  
  76  5:33  Drone x2  
  76  5:34  Drone  
  76  5:35  Drone  
  79  5:36  Zergling x6  
  79  5:37  Zergling x2  
  79  5:39  Drone  
  84  5:43  Extractor  
  84  5:44  Extractor  
  84  5:45  Extractor  
  81  5:52  Zergling x4  
  81  5:54  Zergling x4  
  85  5:57  Zergling x2  
  85  5:59  Drone  
  85  6:00  Drone  
  85  6:01  Drone  
  85  6:03  Zergling x2  
  90  6:06  Baneling x3  
  90  6:07  Zergling x2  
  90  6:08  Zergling x2  
  90  6:10  Drone  
  93  6:16  Overlord  
  93  6:18  Overlord  
  93  6:26  Drone  
  93  6:27  Drone  
  93  6:28  Zergling x2  
  93  6:30  Zergling x2  
  93  6:31  Overlord  
  97  6:34  Drone x2  
  97  6:35  Spire, Drone x2  
  97  6:38  Drone  
  101  6:43  Hatchery  
  101  6:44  Drone  
  101  6:45  Zergling x4  
  103  6:47  Zergling x2  
  103  6:50  Zergling x2  
  105  6:56  Zergling x2  
  105  6:58  Zergling x2  
  105  6:59  Zergling x4  
  105  7:01  Zergling x4  
Show
View Real Time Build Order
Export as new Build Order

uthermy Terran 

Build Orders: Reaper Expand, MMM Bio 

Get SALT Encoding   

  12  0:02  SCV  
  13  0:14  SCV  
  13  0:17  Supply Depot  
  14  0:27  SCV  
  15  0:39  SCV  
  15  0:41  Barracks  
  16  0:45  Refinery  
  16  0:51  SCV  
  17  1:03  SCV  
  18  1:15  SCV  
  19  1:28  Reaper, Orbital Command  
  20  1:40  Command Center  
  20  1:52  Barracks  
  20  1:55  SCV  
  21  2:01  Barracks Reactor  
  21  2:07  SCV  
  22  2:10  Supply Depot  
  22  2:19  SCV  
  22  2:21  Refinery  
  23  2:29  Factory  
  23  2:31  SCV  
  23  2:37  Marine  
  23  2:38  Marine  
  23  2:41  Barracks Tech Lab  
  23  2:43  SCV  
  26  2:55  Marine, SCV, Orbital Command  
  26  2:58  Marine  
  29  3:01  Marine  
  30  3:07  Stimpack  
  30  3:09  SCV  
  31  3:13  Marine  
  31  3:16  Marine  
  33  3:22  Starport, SCV  
  33  3:25  Marine  
  35  3:29  Factory Reactor  
  35  3:30  SCV  
  35  3:35  SCV  
  35  3:39  Marine  
  37  3:42  Marine, SCV  
  39  3:49  Marine  
  39  3:50  Supply Depot  
  39  3:52  SCV  
  39  3:55  SCV  
  42  3:58  Marine  
  42  4:00  Marine  
  44  4:07  SCV x2  
  46  4:12  Medivac x2  
  46  4:14  Supply Depot  
  46  4:16  Marine  
  51  4:18  Marine  
  51  4:19  Marine  
  51  4:23  SCV  
  54  4:29  Bunker  
  54  4:32  Supply Depot  
  54  4:35  SCV  
  54  4:36  SCV  
  55  4:48  SCV  
  55  4:51  SCV  
  55  4:52  Marine  
  58  4:53  Engineering Bay  
  58  4:55  Marine  
  58  4:57  Marine  
  58  4:58  Medivac x2  
  58  4:59  Widow Mine  
  66  5:01  Supply Depot, SCV  
  67  5:07  Supply Depot, Combat Shields  
  67  5:09  SCV  
  67  5:12  Marine x2  
  70  5:14  Liberator  
  70  5:20  Supply Depot  
  70  5:22  SCV x2  
  70  5:23  Marine  
  73  5:29  Barracks  
  73  5:30  Marine  
  73  5:34  SCV x2  
  79  5:40  Marine  
  79  5:42  Liberator  
  79  5:45  Command Center  
  79  5:46  SCV  
  79  5:47  Marine  
  79  5:48  Marine  
  82  5:53  SCV  
  83  5:59  SCV  
  83  6:00  Refinery x2  
  83  6:03  Supply Depot  
  87  6:05  SCV  
  87  6:09  Supply Depot, Marine  
  87  6:11  Supply Depot, SCV  
  89  6:14  Supply Depot  
  89  6:17  SCV  
  91  6:21  Barracks Reactor  
  91  6:22  Marine  
  91  6:25  SCV  
  93  6:26  Engineering Bay  
  93  6:28  Marine x2  
  93  6:29  SCV  
  95  6:37  SCV  
  95  6:39  Supply Depot  
  99  6:41  SCV  
  100  6:47  Barracks  
  100  6:48  Barracks  
  100  6:52  Marine  
  101  7:01  SCV  
  101  7:02  SCV  
  101  7:06  SCV  
Tags
 
Add a new tag
Caveats
  • Supply blocks, unpowered buildings, or Contaminate may cause inaccurate times.
  • Supply counts are checked every 10 seconds.